 Dungeon Crawl Stone Soup version 0.28.0-62-gf88900778d (webtiles) character file.

Game seed: 10565514722275212192

25 Fartwhistle the Insei (level 3, 0/23 HPs)
             Began as an Octopode Transmuter on June 6, 2023.
             Succumbed to an adder's poison
             ... on level 1 of the Dungeon.
             The game lasted 00:01:28 (949 turns).

Fartwhistle the Insei (Octopode Transmuter)          Turns: 949, Time: 00:01:29

Health: 0/23       AC:  1    Str:  9    XL:     3   Next: 4%
Magic:  3/6        EV: 13    Int: 17    God:
Gold:   42         SH:  0    Dex: 12    Spells: 4/7 levels left

rFire   . . .      SeeInvis .     - Unarmed
rCold   . . .      Faith    .   (no shield)
rNeg    . . .      Spirit   .   (helmet restricted)
rPois   .          Reflect  .   (no amulet)
rElec   .          Harm     .   (no ring)
rCorr   .          Rampage  .   (no ring)
Will    .....                   (no ring)
Stlth   ++........              (no ring)
HPRegen 0.07/turn               (no ring)
MPRegen 0.10/turn               (no ring)
                                (no ring)
                                (no ring)

@: lethally poisoned (0 -> -7)
A: almost no armour, amphibious, 8 rings, camouflage 1, gelatinous body 1,
(nimble swimmer 1), tentacles
a: no special abilities


You were on level 1 of the Dungeon.
You visited 1 branch of the dungeon, and saw 2 of its levels.

You collected 42 gold pieces.

Inventory:

Scrolls
 b - a scroll of identify {unknown}
 e - a scroll of blinking {unknown}
Potions
 c - a potion of might {unknown}
 d - a potion of haste {unknown}


   Skills:
 - Level 1.0 Fighting
 - Level 2.0 Dodging
 - Level 3.0 Unarmed Combat
 + Level 2.5 Spellcasting
 * Level 2.9 Transmutations


You had 4 spell levels left.
You knew the following spells:

 Your Spells              Type           Power      Damage    Failure   Level
a - Beastly Appendage     Tmut           24%        N/A       5%          1
b - Wereblood             Tmut           12%        N/A       9%          2

Your spell library contained the following spells:

 Spells                   Type           Power      Damage    Failure   Level
 Spider Form              Tmut/Pois      7%         N/A       30%         3
 Ice Form                 Ice/Tmut       7%         N/A       69%         4


Dungeon Overview and Level Annotations

Branches:
Dungeon (2/15)

Altars:


Innate Abilities, Weirdness & Mutations

You cannot wear most types of armour.
You are amphibious.
You can wear up to eight rings at the same time.
Your skin changes colour to match your surroundings (Stealth+).
Your rubbery body absorbs attacks. (AC +1, EV +1)
((You are camouflaged when in or above water. (Stealth+)))
You have tentacles for arms and can constrict up to eight enemies at once.


Message History

No target in view!
There is a stone staircase leading up here.
A jackal is nearby!
The jackal barks!
You hear a bark!
An adder comes into view.
The adder hisses angrily.
You hear a bark!
A jackal comes into view.
Casting: Wereblood (safe; 9% risk of failure)
Confirm with . or Enter, or press ? or * to list all spells.
Your blood is infused with primal strength.
The adder barely misses you. The jackal bites you.
You climb upwards.
There is a stone staircase leading down here.
You tentacle-slap the adder. Your grab misses the adder.
The adder is moderately wounded.
The adder barely misses you. The jackal misses you.
You closely miss the adder. Your grab misses the adder.
Your squeeze misses the adder.
The adder is moderately wounded.
The adder bites you.
You are poisoned.
The adder poisons you! The jackal bites you. The adder bites you.
You are lethally poisoned!
The adder poisons you! The jackal closely misses you.
You feel very sick.
* * * LOW HITPOINT WARNING * * *
You feel very sick.
Casting: Wereblood (safe; 9% risk of failure)
Confirm with . or Enter, or press ? or * to list all spells.
One of your tentacles grows a vicious spike.
* * * LOW HITPOINT WARNING * * *
You feel sick. The jackal bites you.
* * * LOW HITPOINT WARNING * * *
The jackal bites you.
* * * LOW HITPOINT WARNING * * *
It was a potion of cancellation.
Your magical effects are unravelling.
You feel magically purged.
Your tentacle spike disappears.
Your primal bloodlust has ended.
You die...

#....'..#.# #............
#.##.##.#.## ##..#.####...#
### ###♣.P####.###.÷...#
#(..# ..# #♣...♣# ##...##.#.#
#...# #.# #....P# ##.###.#.##
#.### #.# ##...##
#........###.### ..#
#####...######...###..##.....
#.###...........##..##
##.##.....
................@hS[#
#........
..###...........###.##
##.##..... ..# ####....#.###
#..###..##..... ..# #....#.#
#.......####### ..# #....#.#
##.###### ..# #....#.# #.#
..######.#.##.# #.#
..............# #.########
.#.####.##.#### #.#......#
###


You could see an adder and a jackal.

Vanquished Creatures
  2 bats (D:1)
  An endoplasm (D:1)
  3 giant cockroaches
  2 hobgoblins (D:1)
  4 jackals (D:1)
  2 quokkas (D:1)
  2 ball pythons (D:1)
  2 frilled lizards (D:1)
  A kobold (D:1)
  3 rats (D:1)
22 creatures vanquished.

Notes
Turn   | Place    | Note
-------+----------+-------------------------------------------
     0 | D:1      | Fartwhistle the Octopode Transmuter began the quest for the
                  | Orb.
     0 | D:1      | Reached XP level 1. HP: 13/13 MP: 3/3
   135 | D:1      | Reached XP level 2. HP: 17/18 MP: 5/5
   230 | D:1      | Learned a level 2 spell: Wereblood
   820 | D:1      | Reached XP level 3. HP: 23/23 MP: 6/6
   948 | D:1      | HP: 1/23 [jackal (1)]
   949 | D:1      | Succumbed to an adder's poison

Illustrated notes

Levels and vault maps discovered:
D:1:      sevenhm_arrival_forest_fort_small_4, layout_loops_cross,
          grunt_decor_resistance
D:2:      layout_rooms

Action                   || total
-------------------------++-------
Melee: Unarmed           ||    44
       Constrict         ||    12
       Tentacles         ||     7
       Kick              ||     3
       Punch             ||     1
 Cast: Beastly Appendage ||     3
       Wereblood         ||     2
  Use: Potion            ||     1
 Stab: Sleeping          ||     3
Armor: Skin              ||     5
Dodge: Dodged            ||    32
